 Dungeon Crawl Stone Soup version 0.27-a0-1184-ge86db4a01e (webtiles) character file.

Game seed: 17925257503595277325

2623 RepHenryClay the Destroyer (level 9, -6/45 HPs)
             Began as a Deep Elf Conjurer on May 18, 2021.
             Was an Initiate of Vehumet.
             Mangled by Harold
             ... wielding a +0 glaive
              (17 damage)
             ... on level 7 of the Dungeon.
             The game lasted 00:11:50 (8306 turns).

RepHenryClay the Destroyer (Deep Elf Conjurer)      Turns: 8306, Time: 00:11:50

Health: -6/45      AC:  5    Str:  3 (4)  XL:     9   Next: 34%
Magic:  20/20      EV: 14    Int: 23 (25) God:    Vehumet [......]
Gold:   414        SH:  0    Dex: 13 (15) Spells: 13/20 levels left

rFire    . . .     SeeInvis .   a - staff of conjuration
rCold    . . .     Faith    .   (no shield)
rNeg     . . .     Spirit   .   n - +2 robe {Will+}
rPois    .         Reflect  .   (no helmet)
rElec    .         Harm     .   h - +0 cloak
rCorr    .         Rampage  .   (no gloves)
Will     ++...                  (no boots)
Stlth    +++.......             (no amulet)
HPRegen  0.15/turn              e - ring of willpower
MPRegen  0.17/turn              (no ring)

@: attractive
A: no striking features
a: Renounce Religion


You were on level 7 of the Dungeon.
You worshipped Vehumet.
Vehumet was noncommittal.
You visited 2 branches of the dungeon, and saw 8 of its levels.
You also visited: Ossuary.

You collected 414 gold pieces.

Inventory:

Hand Weapons
 z - a +3 dagger of venom
Missiles
 d - 9 curare-tipped darts
 m - 2 throwing nets
Armour
 h - a +0 cloak (worn)
 n - a +2 robe of willpower (worn)
 r - the +1 leather armour "Giys" {Harm rPois Stlth+}
   (You found it on level 4 of the Dungeon)

   It protects you from poison.
   It increases damage dealt and taken.
   It makes you more stealthy.
 y - a +0 robe of positive energy
Magical Staves
 a - a staff of conjuration (weapon)
Jewellery
 e - a ring of willpower (left hand)
Wands
 i - a wand of digging (2)
 B - a wand of acid (9)
 E - a wand of polymorph (5)
Scrolls
 o - a scroll of blinking {unknown}
 q - 2 scrolls of vulnerability {unknown}
 s - a scroll of summoning {unknown}
 t - 5 scrolls of identify {@r1}
 x - a scroll of immolation {unknown}
 A - 2 scrolls of teleportation
 C - a scroll of holy word {unknown}
 D - a scroll of amnesia {unknown}
Potions
 b - a potion of cancellation
 c - 5 potions of curing
 f - a potion of attraction
 g - 4 potions of haste {unknown}
 j - a potion of mutation {unknown}
 k - 2 potions of degeneration
 l - 3 potions of flight {unknown}
 p - a potion of heal wounds {unknown}
 u - 2 potions of might {unknown}
 v - a potion of lignification {unknown}
 w - 2 potions of ambrosia {unknown}


   Skills:
 + Level 4.2 Staves
 - Level 5.6 Dodging
 - Level 6.0 Stealth
 - Level 6.3 Spellcasting
 * Level 9.9 Conjurations
 + Level 4.7 Evocations


You had 13 spell levels left.
You knew the following spells:

 Your Spells              Type           Power      Damage    Failure   Level
a - Magic Dart            Conj           100%       1d8       1%          1
b - Searing Ray           Conj           100%       3d7       1%          2
c - Iskenderun's Mystic   Conj/Tloc      45%        2d10      11%         4

Your spell library contained the following spells:

 Spells                   Type           Power      Damage    Failure   Level
 Dazzling Flash           Conj/Hex       90%        N/A       3%          3
 Fulminant Prism          Conj/Hex       22%        3d13      11%         4


Dungeon Overview and Level Annotations

Branches:
Dungeon (7/15)             Temple (1/1) D:6         Ossuary (visited)

Altars:
Gozag
Hepliaklqana
Kikubaaqudgha
Okawaru
Qazlal
Ru
Trog
Uskayaw
Vehumet
Wu Jian
Xom
Yredelemnul

Shops:
D:2 [   D:3 =

Annotations:
D:3 good j
D:6 3 runed translucent doors, HendSelp's ghost, novice MiGl
D:7 Harold


Message History

Harold is nearby!
Casting: Magic Dart (safe; 1% risk of failure)
Confirm with . or Enter, or press ? or * to list all spells.
Okay, then.
Unknown command.
Okay, then.
Aiming: Corrosive Bolt
Press: ? - help, Shift-Dir - straight line, f - Harold
Aim: Harold, wielding a +0 glaive, wearing a +0 chain mail and quivering 3 throwing nets (asleep, 100% to hit)
The bolt of acid hits Harold!
Harold is splashed with acid.
Harold is lightly wounded.
Harold shouts!
Harold fires a harpoon shot at you. The harpoon shot hits you!!
You are yanked forward by the harpoon shot.
Huge Dmg: -48%(-22hp) hp: 52%(23hp)
Okay, then.
Okay, then.
It was a potion of attraction.
You feel attractive to monsters.
Harold asks, "Do you mind if I name my boat the 'RepHenryClay'?
Your head will be paying for it, after all."
Harold hits you with a +0 glaive!
* * * LOW HITPOINT WARNING * * *
Huge Dmg: -23%(-10hp) hp: 29%(13hp) It was a potion of curing.
You feel better. Harold misses you.
Okay, then.
Press: ? - help, v - describe, . - travel
Here: Harold, wielding a +0 glaive, wearing a +0 chain mail and quivering 3 throwing nets (lightly wounded)
The floor.
Unknown command.
Harold fires a harpoon shot at you. The harpoon shot hits you!
* * * LOW HITPOINT WARNING * * *
You are yanked forward by the harpoon shot.
Huge Dmg: -22%(-10hp) hp: 25%(11hp) It was a potion of degeneration.
There was something very wrong with that liquid.
You feel weakened.
You feel dopey.
You feel clumsy. Harold hits you with a +0 glaive!
You die...

##.##
#.############
#............#
#..#########.#
#..#
##.##########
#..#
#.###.......##
#..#
##.#.⌠##.##⌠.#
#..#
#.#.##.).##.#
#..#
#.#@#.⌠.⌠.#.#
#..#
#.#@#..>..#.#
#.#.#.⌠.⌠.#.#
#.#.##...##.#
#.#.⌠#####⌠.#
#.##.......##
#..####'####
##......#
########


You could see Harold.

Vanquished Creatures
  2 kobold demonologists
  Eustachio (D:5)
  2 water moccasins (D:6)
  An ice beast (D:4)
  A sky beast (D:5)
  3 ogres (D:5)
  A bullfrog (D:6)
  4 kobold brigands (D:6)
  A scorpion (D:4)
  2 howler monkeys (D:4)
  A centaur skeleton (D:5)
  4 hounds
  Crazy Yiuf (D:2)
  4 orc priests
  4 iguanas (D:4)
  4 orc wizards (D:6)
  3 hound skeletons
  8 mummies (Ossuary)
  4 gnolls (D:3)
  6 adders
  A white imp (D:6)
  An adder skeleton (D:4)
  2 worms
  3 dart slugs
  17 orcs
  7 ball pythons
  4 endoplasms
  6 giant cockroaches
  9 goblins
  4 hobgoblins
  4 jackals (D:1)
  4 kobolds
  4 quokkas
  4 bats
  8 frilled lizards
  3 hobgoblin zombies (Ossuary)
  3 kobold zombies (Ossuary)
  2 orc zombies (Ossuary)
  A quokka skeleton (D:4)
  6 rats
150 creatures vanquished.

Notes
Turn   | Place    | Note
-------+----------+-------------------------------------------
     0 | D:1      | RepHenryClay the Deep Elf Conjurer began the quest for the
                  | Orb.
     0 | D:1      | Reached XP level 1. HP: 10/10 MP: 6/6
   135 | D:1      | Found a faded altar of an unknown god.
   177 | D:1      | Reached XP level 2. HP: 10/15 MP: 0/8
   380 | D:1      | Reached skill level 5 in Conjurations
   399 | D:1      | Learned a level 2 spell: Searing Ray
  1128 | D:2      | Reached XP level 3. HP: 19/19 MP: 5/9
  1318 | D:2      | Found Vosm's Armour Shop.
  1337 | D:2      | Found an opulent altar of Gozag.
  1425 | D:2      | Found a runed translucent door.
  1426 | D:2      | Noticed Crazy Yiuf
  1856 | D:2      | Reached skill level 6 in Conjurations
  1977 | D:2      | Reached XP level 4. HP: 22/24 MP: 6/10
  2399 | D:2      | Learned a level 4 spell: Iskenderun's Mystic Blast
  2478 | D:2      | Killed Crazy Yiuf
  2927 | D:3      | Reached skill level 7 in Conjurations
  2927 | D:3      | Reached XP level 5. HP: 28/28 MP: 2/11
  3141 | D:3      | Found a sacrificial altar of Ru.
  3503 | D:3      | Found Xialoul's Jewellery Shop.
  3950 | D:4      | Reached XP level 6. HP: 32/32 MP: 5/14
  4271 | D:4      | Noticed an ice beast
  4276 | D:4      | Killed an ice beast
  4352 | D:4      | Reached skill level 5 in Spellcasting
  4399 | D:4      | Reached XP level 7. HP: 35/36 MP: 11/16
  5137 | D:4      | Identified the +1 leather armour "Giys" {Harm rPois Stlth+}
  5151 | D:5      | Entered Level 5 of the Dungeon
  5295 | D:5      | Noticed Eustachio
  5302 | D:5      | Killed Eustachio
  5303 | D:5      | Reached skill level 5 in Dodging
  5303 | D:5      | Reached skill level 5 in Stealth
  5450 | D:5      | Found a sand-covered staircase.
  5459 | Ossuary  | Entered an ossuary
  5772 | Ossuary  | Reached XP level 8. HP: 41/41 MP: 14/19
  6010 | D:5      | Noticed a kobold demonologist
  6022 | D:5      | Killed a kobold demonologist
  6023 | D:5      | Reached skill level 1 in Staves
  6293 | D:5      | Reached skill level 8 in Conjurations
  6874 | D:6      | Found a staircase to the Ecumenical Temple.
  6886 | Temple   | Entered the Ecumenical Temple
  6914 | Temple   | Became a worshipper of Vehumet
  7330 | D:6      | Reached skill level 9 in Conjurations
  7407 | D:6      | Noticed a kobold demonologist
  7417 | D:6      | Reached XP level 9. HP: 34/45 MP: 7/20
  7417 | D:6      | Killed a kobold demonologist
  7807 | D:6      | Found a runed translucent gate.
  7807 | D:6      | Found a runed translucent gate.
  7807 | D:6      | Found a runed translucent gate.
  7809 | D:6      | Noticed HendSelp's ghost (novice MiGl)
  8300 | D:7      | Noticed Harold
  8306 | D:7      | Mangled by Harold

Illustrated notes

Levels and vault maps discovered:
D:1:      wander_arrival_chamber, layout_basic, basic_ecumenical_altar,
          minivault_19, minmay_misc_feat_iff
D:2:      minmay_chambers_of_ones, layout_loops_ring, basic_altar, serial_shops,
          shop_fountains, uniq_crazy_yiuf_cottage
D:3:      layout_basic, nicolae_ru_path_of_blood, serial_shops,
          nicolae_shop_stone
D:4:      layout_basic, chequers_serial_rivers_large_a
D:5:      layout_basic, nicolae_ossuary_entry_monument, uniq_eustachio
D:6:      layout_gridville, minmay_temple_entry_waves,
          gammafunk_ghost_necromancy
D:7:      cheibrodos_two_vegetables, layout_loops_ring, minivault_14,
          grunt_ministairs_11, serial_park_tiny_pond, uniq_harold
Temple:   nicolae_temple_the_god_donut

Skill      XL: |  1  2  3  4  5  6  7  8  9 |
---------------+----------------------------+-----
Conjurations   | 5 6 7 9 |  9.9
Stealth        | 3 4 6 |  6.0
Dodging        | 3 4 5 |  5.6
Spellcasting   | 4 5 6 |  6.3
Staves         | 3 4 |  4.2
Evocations     | 3 4 |  4.7

Action                   |  1- 3 |  4- 6 |  7- 9 || total
-------------------------+-------+-------+-------++-------
Melee: Unarmed           |    10 |       |       ||    10
       Staff             |       |       |    25 ||    25
 Cast: Magic Dart        |    79 |    97 |   144 ||   320
       Searing Ray       |     1 |     5 |    24 ||    30
       Iskenderun's Myst |       |       |     3 ||     3
Evoke: Wand              |       |       |     1 ||     1
  Use: Scroll            |       |     3 |       ||     3
       Potion            |       |       |     3 ||     3
 Stab: Sleeping          |       |       |     2 ||     2
Armor: Robe              |     5 |     1 |     9 ||    15
Dodge: Dodged            |    21 |     7 |    30 ||    58

Table legend: (Time is in decaauts)
 A = Elapsed time spent in this place.
 B = Non-inter-level travel time spent in this place.
 C = Inter-level travel time spent in this place.
 D = Time resting spent in this place.
 E = Time spent auto-exploring this place.
 F = Levels seen in this place.
 G = Mean time per level.
                   A        B        C        D        E       F      G
               +--------+--------+--------+--------+--------+-----+--------+
         Total |   8312 |   7918 |    394 |   1419 |   5523 |   9 |  923.6 |
       Dungeon |   7737 |   7355 |    382 |   1235 |   5286 |   7 | 1105.3 |
        Temple |     40 |     28 |     12 |      0 |     23 |   1 |   40.0 |
       Ossuary |    534 |    534 |      0 |    184 |    214 |   1 |  534.0 |
               +--------+--------+--------+--------+--------+-----+--------+

Top non-repeatable levels by time:
     D:2: 1603 daAuts
     D:4: 1511 daAuts
     D:5: 1413 daAuts
     D:3: 1099 daAuts
     D:1: 1059 daAuts
     D:6: 971 daAuts
 Ossuary: 534 daAuts
     D:7: 77 daAuts
  Temple: 40 daAuts
